 Dungeon Crawl Stone Soup version 0.21-a0-591-g2314aa1 (webtiles) character file.

15 tidbits the Scratcher (level 2, 2/12 HPs)
             Began as a Felid Transmuter on Dec 22, 2017.
             Quit the game on level 3 of the Dungeon.
             The game lasted 00:02:42 (315 turns).

tidbits the Scratcher (Felid Transmuter)             Turns: 315, Time: 00:02:43

Health: 2/12       AC:  1    Str:  6    XL:     2   Next: 34%
Magic:  2/6        EV: 18    Int: 14    God:
Gold:   46         SH:  0    Dex: 16    Spells: 2/5 levels left
                                        Lives:  0   Deaths: 0

rFire    . . .     SeeInvis +     - Unarmed
rCold    . . .     Gourm    .   (shield unavailable)
rNeg     . . .     Faith    .   (armour unavailable)
rPois    .         Spirit   .   (helmet unavailable)
rElec    .         Reflect  .   (cloak unavailable)
rCorr    .         Harm     .   (gloves unavailable)
MR       .....                  (boots unavailable)
Stlth    +++.......             (no amulet)
HPRegen  0.04/turn              (no ring)
MPRegen  0.10/turn              (no ring)

@: very slightly contaminated, quick
A: very small, no armour, no weapons or thrown items, stealth, claws 1, fangs 3,
see invisible, carnivore, speed 1, shaggy fur 1, slow metabolism 1, sharp paws
a: no special abilities


You were on level 3 of the Dungeon.
You were not hungry.

You visited 1 branch of the dungeon, and saw 3 of its levels.

You collected 46 gold pieces.

Inventory:

Missiles
 a - 36 arrows
Scrolls
 d - a scroll of magic mapping {unknown}
 e - a scroll of identify {unknown}
 f - a scroll of amnesia {unknown}
 g - a scroll of immolation {unknown}
Books
 b - a book of Changes

   Spells                             Type                      Level
   a - Beastly Appendage              Transmutation                1
   b - Sticks to Snakes               Transmutation                2
   c - Spider Form                    Transmutation/Poison         3
   d - Ice Form                       Ice/Transmutation            4
   e - Blade Hands                    Transmutation                5
Comestibles
 c - a ration


   Skills:
 - Level 1.1 Fighting
 - Level 2.8 Dodging
 + Level 2.4 Stealth
 - Level 3.0 Unarmed Combat
 - Level 2.0 Spellcasting
 - Level 2.2 Transmutations


You had 2 spell levels left.
You knew the following spells:

 Your Spells              Type           Power        Failure   Level  Hunger
e - Beastly Appendage     Tmut           #.....       10%         1    ##.....
k - Sticks to Snakes      Tmut           #.......     14%         2    ###....


Dungeon Overview and Level Annotations

Branches:
Dungeon (3/15)

Altars:


Innate Abilities, Weirdness & Mutations

You cannot wear armour.
You are incapable of wielding weapons or throwing items.
Your paws allow you to move quietly. (Stealth)
You have sharp claws.
You have razor-sharp teeth.
You have supernaturally acute eyesight. (SInv)
You are carnivorous and can eat meat at any time.
You cover ground quickly.
You are covered in fur. (AC +1)
You have a slow metabolism.
Your sharp claws are effective at attacking unaware monsters.


Message History

Confirm with . or Enter, or press ? or * to list all spells.
You grow a pair of large bovine horns.
Your transformation is almost over.
You now have 31 gold pieces (gained 3).
Found a stone staircase leading down.
A hobgoblin comes into view. It is wielding a club.
The hobgoblin shouts!
The goblin shouts!
The goblin closely misses you.
You miss the goblin.
Your horns disappear.
The goblin completely misses you.
You scratch the goblin.
You kill the goblin!
Your Stealth skill increases to level 2!
You see here a goblin corpse.
You see here 15 gold pieces.
You now have 46 gold pieces (gained 15).
Casting: Beastly Appendage
Confirm with . or Enter, or press ? or * to list all spells.
You grow a pair of large bovine horns.
You scratch the hobgoblin.
The hobgoblin is severely wounded.
The hobgoblin hits you with a club.
* * * LOW HITPOINT WARNING * * *
You scratch the hobgoblin.
You kill the hobgoblin!
Your transformation is almost over.
Things that are here:
a club; a hobgoblin corpse You see here 9 stones.
a - 37 arrows (gained 25)
Your horns disappear.
A hobgoblin comes into view. It is wielding a club.
There is a stone staircase leading down here.
Casting: Beastly Appendage
Confirm with . or Enter, or press ? or * to list all spells.
You grow a pair of large bovine horns.
You see here a goblin corpse.
Your transformation is almost over.
Things that are here:
a club; a hobgoblin corpse Magic restored.
Your horns disappear.
You see here a spear.
You pounce on the unaware helpless hobgoblin!
You claw the hobgoblin!
You kill the hobgoblin!
Things that are here:
a club; a hobgoblin corpse
Casting: Beastly Appendage
Confirm with . or Enter, or press ? or * to list all spells.
You miscast Beastly Appendage.
You are very lightly contaminated with residual magic.
Your paws glow momentarily.
There is a stone staircase leading down here.
Casting: Beastly Appendage
Confirm with . or Enter, or press ? or * to list all spells.
You grow a pair of large bovine horns.
You climb downwards.
A goblin comes into view.
Found a pair of gloves.
There is a stone staircase leading up here.
Your transformation is almost over.
Found 10 stones.
The helpless goblin fails to defend itself.
You claw the goblin!
You kill the goblin!
You see here a goblin corpse.
An adder comes into view.
A jackal comes into view.
The jackal barks!
You hear a bark! x2; You hear a shout! x3
You hear an angry hiss.
The jackal moves out of view.
You hear a bark!
You scratch the adder but do no damage. Your headbutt misses the adder.
The adder misses you.
Casting: Beastly Appendage
Confirm with . or Enter, or press ? or * to list all spells.
You miscast Sticks to Snakes.
Your hair momentarily turns into snakes!
Your horns disappear.
The adder barely misses you.
Casting: Sticks to Snakes
Confirm with . or Enter, or press ? or * to list all spells.
You create a snake!
You now have 36 arrows.
The adder bites you.
* * * LOW HITPOINT WARNING * * *
The adder barely misses you.
You miss the adder. The adder bites you.
* * * LOW HITPOINT WARNING * * *
Your ball python barely misses the adder.
Your ball python closely misses the adder.
A jackal comes into view.
The jackal barks!
Your ball python closely misses the adder. x2
A hobgoblin comes into view. It is wielding a club.
You closely miss the adder. The adder closely misses you.
A jackal comes into view.
Your ball python barely misses the adder.
Your ball python completely misses the adder.
Are you sure you want to abandon this character and quit the game? (Confirm with "yes".)

######..####.#
#..# #####..#
..##..# #.##[.##
#.##..†# #......#
#####(.#...###.
#.#...#S@.........
#....S.h...####.#.
#.#....###.# #
#...h..# #...
..g##.#.# #.###
..h....#.. ..#
##########.### .#


You could see an adder, 2 jackals, a hobgoblin and a friendly ball python.

Vanquished Creatures
  A giant cockroach (D:1)
  5 goblins
  2 hobgoblins (D:2)
  A kobold (D:1)
  2 bats (D:1)
  A frilled lizard (D:1)
  2 rats (D:1)
14 creatures vanquished.

Notes
Turn   | Place    | Note
-------+----------+-------------------------------------------
     0 | D:1      | tidbits the Felid Transmuter began the quest for the Orb.
     0 | D:1      | Reached XP level 1. HP: 9/9 MP: 4/4
   101 | D:1      | Reached skill level 1 in Stealth
   122 | D:1      | Reached XP level 2. HP: 6/12 MP: 4/6
   129 | D:1      | Learned a level 2 spell: Sticks to Snakes
   192 | D:2      | Reached skill level 2 in Stealth
   309 | D:3      | HP: 1/12 [adder (4)]
   315 | D:3      | Quit the game

Vault maps used:
D:1:      lemuel_arrival_hallway, minivault_19
D:2:      overflow_temple_1_default, zin_angel, uniq_jessica, uniq_sigmund
D:3:      gammafunk_wand_slinger, nemelex_xobeh_ov_fountains_minmay,
          first_ration

Skill      XL: |  1  2 |
---------------+-------+-----
Stealth        | 1 2 |  2.4
Fighting       | |  1.1
Dodging        | |  2.8
Unarmed Combat | |  3.0
Spellcasting   | |  2.0
Transmutations | |  2.2

Action                   || total
-------------------------++-------
Melee: Unarmed           ||    25
       Headbutt          ||     2
 Cast: Beastly Appendage ||     8
       Sticks to Snakes  ||     1
 Stab: Sleeping          ||     2
Armor: Skin              ||     4
Dodge: Dodged            ||    24

Table legend:
 A = Spawn XP
 B = Non-spawn XP
 C = Spawn XP percentage of total XP
 D = Spawn monster count
 E = Non-spawn monster count
 F = Spawn count percentage of total count
 G = Total turns spent on level
                    A         B        C        D         E        F      G
               +---------+---------+-------+---------+---------+-------+---------
         Total |       0 |      22 |   0.0 |       0 |      14 |   0.0 |   315
               +---------+---------+-------+---------+---------+-------+---------
           D:1 |       0 |      15 |   0.0 |       0 |      10 |   0.0 |   137
           D:2 |       0 |       6 |   0.0 |       0 |       3 |   0.0 |   153
           D:3 |       0 |       1 |   0.0 |       0 |       1 |   0.0 |    25
               +---------+---------+-------+---------+---------+-------+---------

Table legend:
 A = Turns spent in this place as a percentage of turns spent in the entire game.
 B = Non-inter-level travel turns spent in this place as a percentage of non-inter-level travel turns spent in the entire game.
 C = Inter-level travel turns spent in this place as a percentage of turns spent in this place.
 D = Turns resting spent in this place as a percentage of non-inter-level travel turns spent in this place.
 E = Turns spent auto-exploring this place as a percentage of non-inter-level travel turns spent in this place.
 F = Non-inter-level travel turns spent in this place divided by the number of levels of this place that you've seen.
                   A       B       C       D       E      F
               +-------+-------+-------+-------+-------+----------------------
         Total | 100.0 | 100.0 |   0.0 |   0.0 |   0.0 | 105.0
       Dungeon | 100.0 | 100.0 |   0.0 |   0.0 |   0.0 | 105.0
               +-------+-------+-------+-------+-------+----------------------

Table legend:
 A = Kills in this place as a percentage of kills in entire the game.
 B = Kills by you in this place as a percentage of kills by you in the entire game.
 C = Kills by friends in this place as a percentage of kills by friends in the entire game.
 D = Other kills in this place as a percentage of other kills in the entire game.
 E = Experience gained in this place as a percentage of experience gained in the entire game.
 F = Experience gained in this place divided by the number of levels of this place that you have seen.
                   A       B       C       D       E      F
               +-------+-------+-------+-------+-------+----------------------
         Total | 100.0 | 100.0 |   N/A |   N/A | 100.0 |   7.3
       Dungeon | 100.0 | 100.0 |   N/A |   N/A | 100.0 |   7.3
               +-------+-------+-------+-------+-------+----------------------

Vault maps used:
D:1:      lemuel_arrival_hallway, minivault_19
D:2:      overflow_temple_1_default, zin_angel, uniq_jessica, uniq_sigmund
D:3:      gammafunk_wand_slinger, nemelex_xobeh_ov_fountains_minmay,
          first_ration
